TOP OF THE 1ST |
Scottsdale Scorpions batting - Pitching for El Paso Texans : RHP George Floyd
|
Pitching: RHP George Floyd
|
|
Batting: LHB Ernesto Hernández
|
0-0: Ball 1-0: Ball 2-0: Ball 3-0: Base on Balls
|
Batting: RHB Sergio Domínguez
|
0-0: Ball 1-0: Ball 2-0: Ball 3-0: Base on Balls Ernesto Hernández to second
|
Batting: LHB Sergio Fernández
|
0-0: Ball 1-0: Called Strike 1-1: Swinging Strike 1-2: Ground out 3-1 (Groundball, 34S) Ernesto Hernández to third Sergio Domínguez to second
|
Batting: SHB Juan Gonzáles
|
0-0: Ball 1-0: Foul Ball, location: 2F 1-1: SINGLE (Groundball, 4MD) Ernesto Hernández scores Sergio Domínguez to third Runner from 3rd tries for Home, SAFE, throw made home
|
Batting: RHB Jaime Delgado
|
0-0: Ball 1-0: Foul Ball, location: 2F 1-1: Ball Passed Ball! Juan Gonzáles to second 2-1: Ball Passed Ball! Juan Gonzáles to third 3-1: Base on Balls
|
Batting: LHB José Garza
|
0-0: Ball 1-0: Foul Ball, location: 2F 1-1: Called Strike 1-2: Ball Jaime Delgado steals 2nd base 2-2: SINGLE (Groundball, 4MD) Juan Gonzáles scores Jaime Delgado to third Runner from 3rd tries for Home, SAFE, no throw
|
Batting: RHB Ronald Smith
|
0-0: Grounds into double play, 4-6-3 (Groundball, 34)
|
Top of the 1st over - 4 run(s), 2 hit(s), 0 error(s), 0 left on base; Scottsdale 4 - El Paso 0 |
BOTTOM OF THE 1ST |
El Paso Texans batting - Pitching for Scottsdale Scorpions : LHP Brant Goff
|
Pitching: LHP Brant Goff
|
|
Batting: RHB Domingo Morales
|
0-0: SOLO HOME RUN (Flyball, 78XD), Distance : 410 ft
|
Batting: RHB Cole Boehmer
|
0-0: Ball 1-0: Ball 2-0: SINGLE (Line Drive, 4M)
|
Batting: LHB Guy Moss
|
0-0: Swinging Strike 0-1: DOUBLE (Line Drive, 7D) Cole Boehmer to third
|
Batting: SHB Oliver Riley
|
0-0: Ball 1-0: Fly out, F8 (Flyball, 8RS) Runner from 3rd tags up, SCORES, no throw
|
Batting: LHB Michael Melton
|
0-0: Called Strike 0-1: Ball 1-1: Called Strike 1-2: Foul Ball, location: 2F 1-2: Fly out, F7 (Flyball, 78M)
|
Batting: RHB Marvin Johnson
|
0-0: Called Strike 0-1: Ball 1-1: Fly out, F4 (Line Drive, 4)
|
Bottom of the 1st over - 2 run(s), 3 hit(s), 0 error(s), 1 left on base; Scottsdale 4 - El Paso 2 |
TOP OF THE 2ND |
Scottsdale Scorpions batting - Pitching for El Paso Texans : RHP George Floyd
|
Batting: RHB Ricardo Gutiérrez
|
0-0: Called Strike 0-1: Ball 1-1: Ball 2-1: Foul Ball, location: 2F 2-2: Strikes out swinging
|
Batting: RHB Robinson Fernández
|
0-0: Called Strike 0-1: Swinging Strike 0-2: Strikes out looking
|
Batting: LHB Ernesto Hernández
|
0-0: Ball 1-0: Ball 2-0: Ball 3-0: Called Strike 3-1: Base on Balls
|
Batting: RHB Sergio Domínguez
|
0-0: Swinging Strike 0-1: Called Strike 0-2: Ball 1-2: Ball 2-2: Strikes out swinging
|
Top of the 2nd over - 0 run(s), 0 hit(s), 0 error(s), 1 left on base; Scottsdale 4 - El Paso 2 |
BOTTOM OF THE 2ND |
El Paso Texans batting - Pitching for Scottsdale Scorpions : LHP Brant Goff
|
Batting: RHB José Murillo
|
0-0: Ball 1-0: Ball 2-0: Ball 3-0: Called Strike 3-1: Base on Balls
|
Batting: RHB Wayne Carter
|
0-0: Called Strike 0-1: Called Strike 0-2: Strikes out looking
|
Batting: RHB John James
|
0-0: Called Strike 0-1: Ball 1-1: Swinging Strike 1-2: Strikes out swinging
|
Batting: RHB Domingo Morales
|
0-0: Ball 1-0: Ball 2-0: Called Strike 2-1: SINGLE (Line Drive, 8LS) José Murillo to second
|
Batting: RHB Cole Boehmer
|
0-0: Foul Ball, location: 2F 0-1: Fly out, F1 (Line Drive, 13)
|
Bottom of the 2nd over - 0 run(s), 1 hit(s), 0 error(s), 2 left on base; Scottsdale 4 - El Paso 2 |
TOP OF THE 3RD |
Scottsdale Scorpions batting - Pitching for El Paso Texans : RHP George Floyd
|
Batting: LHB Sergio Fernández
|
0-0: Ball 1-0: Called Strike 1-1: Foul Ball, location: 2F 1-2: Ball 2-2: Ball 3-2: Foul Ball, location: 2F 3-2: Foul Ball, location: 2F 3-2: Foul Ball, location: 2F 3-2: Base on Balls
|
Batting: SHB Juan Gonzáles
|
0-0: Called Strike 0-1: Ball 1-1: Swinging Strike 1-2: Ball 2-2: Ball 3-2: Strikes out looking
|
Batting: RHB Jaime Delgado
|
0-0: Foul Ball, location: 2F 0-1: Ball 1-1: Swinging Strike 1-2: Ball 2-2: Ball 3-2: Strikes out swinging
|
Batting: LHB José Garza
|
0-0: Ball 1-0: Called Strike 1-1: Called Strike 1-2: Strikes out looking
|
Top of the 3rd over - 0 run(s), 0 hit(s), 0 error(s), 1 left on base; Scottsdale 4 - El Paso 2 |
BOTTOM OF THE 3RD |
El Paso Texans batting - Pitching for Scottsdale Scorpions : LHP Brant Goff
|
Batting: LHB Guy Moss
|
0-0: Called Strike 0-1: Ball 1-1: Reached on error, E6 (Groundball, 6)
|
Batting: SHB Oliver Riley
|
0-0: Called Strike Guy Moss steals 3rd base 0-1: Ball 1-1: Ball 2-1: Foul Ball, location: 2F 2-2: Ball 3-2: Base on Balls
|
Batting: LHB Michael Melton
|
0-0: Ball 1-0: SINGLE (Groundball, 4D) Guy Moss scores Oliver Riley to second Throwing error, E9 Oliver Riley scores Michael Melton to second
|
Batting: RHB Marvin Johnson
|
0-0: Ball 1-0: Called Strike 1-1: Called Strike 1-2: Foul Ball, location: 2F 1-2: DOUBLE (Flyball, 9LD) Michael Melton scores
|
Batting: RHB José Murillo
|
0-0: Ball 1-0: Ball 2-0: Ball 3-0: Base on Balls
|
Batting: RHB Wayne Carter
|
0-0: Called Strike 0-1: Ball 1-1: Ball 2-1: SINGLE (Groundball, 6MD) Marvin Johnson to third José Murillo to second
|
Batting: RHB John James
|
0-0: Called Strike 0-1: Ball 1-1: Foul Ball, location: 2F 1-2: Strikes out swinging
|
Batting: RHB Domingo Morales
|
0-0: Ball 1-0: SINGLE (Groundball, 6MD) Marvin Johnson scores José Murillo to third Wayne Carter to second Runner from 3rd tries for Home, SAFE, throw made home Wayne Carter to third Domingo Morales to second
|
Pitching: RHP Julián García
|
|
Batting: RHB Cole Boehmer
|
0-0: Foul Ball, location: 2F 0-1: Ground out 5-3 (Groundball, 56S) Wayne Carter scores Domingo Morales to third
|
Batting: LHB Guy Moss
|
0-0: Foul Ball, location: 2F 0-1: Ball 1-1: Ball 2-1: Ball 3-1: Base on Balls
|
Batting: SHB Oliver Riley
|
0-0: Ball 1-0: Ball 2-0: Called Strike 2-1: Ball 3-1: Foul Ball, location: 2F 3-2: Ground out U3 (Groundball, 3)
|
Bottom of the 3rd over - 6 run(s), 4 hit(s), 2 error(s), 2 left on base; Scottsdale 4 - El Paso 8 |
TOP OF THE 4TH |
Scottsdale Scorpions batting - Pitching for El Paso Texans : RHP George Floyd
|
Batting: RHB Ronald Smith
|
0-0: Called Strike 0-1: Foul Ball, location: 2F 0-2: Ball 1-2: Strikes out swinging
|
Batting: RHB Ricardo Gutiérrez
|
0-0: Ball 1-0: Foul Ball, location: 2F 1-1: Foul Ball, location: 2F 1-2: Foul Ball, location: 2F 1-2: Ball 2-2: Ball 3-2: Foul Ball, location: 2F 3-2: SINGLE (Groundball, 56) (infield hit)
|
Batting: RHB Robinson Fernández
|
0-0: Ball 1-0: Ball 2-0: Foul Ball, location: 2F 2-1: Foul Ball, location: 2F 2-2: Foul Ball, location: 2F 2-2: Strikes out looking
|
Pitching: RHP Mike Marks
|
|
Batting: LHB Ernesto Hernández
|
0-0: Called Strike 0-1: Foul Ball, location: 2F 0-2: Fly out, F6 (Line Drive, 56D)
|
Top of the 4th over - 0 run(s), 1 hit(s), 0 error(s), 1 left on base; Scottsdale 4 - El Paso 8 |
BOTTOM OF THE 4TH |
El Paso Texans batting - Pitching for Scottsdale Scorpions : RHP Julián García
|
Batting: LHB Michael Melton
|
0-0: Ball 1-0: Foul Ball, location: 2F 1-1: Ball 2-1: Swinging Strike 2-2: Strikes out looking
|
Batting: RHB Marvin Johnson
|
0-0: Ball 1-0: Foul Ball, location: 2F 1-1: Ball 2-1: Ball 3-1: Foul Ball, location: 2F 3-2: SOLO HOME RUN (Flyball, 7D), Distance : 402 ft
|
Batting: RHB José Murillo
|
0-0: Ball 1-0: Ball 2-0: Fly out, F8 (Flyball, 78D)
|
Batting: RHB Wayne Carter
|
0-0: SINGLE (Groundball, 34D)
|
Batting: RHB John James
|
0-0: Called Strike 0-1: Called Strike 0-2: Ball 1-2: Ball 2-2: Foul Ball, location: 2F 2-2: Strikes out looking
|
Bottom of the 4th over - 1 run(s), 2 hit(s), 0 error(s), 1 left on base; Scottsdale 4 - El Paso 9 |
TOP OF THE 5TH |
Scottsdale Scorpions batting - Pitching for El Paso Texans : RHP Mike Marks
|
Batting: RHB Sergio Domínguez
|
0-0: Fly out, F4 (Popup, 4)
|
Batting: LHB Sergio Fernández
|
0-0: Foul Ball, location: 2F 0-1: Foul Ball, location: 2F 0-2: Ball 1-2: Strikes out swinging
|
Batting: SHB Juan Gonzáles
|
0-0: Ball 1-0: Called Strike 1-1: Called Strike 1-2: Foul Ball, location: 2F 1-2: Fly out, F9 (Line Drive, 89M)
|
Top of the 5th over - 0 run(s), 0 hit(s), 0 error(s), 0 left on base; Scottsdale 4 - El Paso 9 |
BOTTOM OF THE 5TH |
El Paso Texans batting - Pitching for Scottsdale Scorpions : RHP Julián García
|
Batting: RHB Domingo Morales
|
0-0: Ball 1-0: Called Strike 1-1: Ball 2-1: Foul Ball, location: 2F 2-2: Ground out 1-3 (Groundball, 13)
|
Batting: RHB Cole Boehmer
|
0-0: Ball 1-0: Foul Ball, location: 2F 1-1: Ball 2-1: Called Strike 2-2: SINGLE (Groundball, 6MD)
|
Batting: LHB Guy Moss
|
0-0: Called Strike 0-1: Fielders Choice at 2nd, 5-4 (Groundball, 5)
|
Batting: SHB Oliver Riley
|
0-0: Swinging Strike 0-1: Swinging Strike 0-2: Strikes out swinging
|
Bottom of the 5th over - 0 run(s), 1 hit(s), 0 error(s), 1 left on base; Scottsdale 4 - El Paso 9 |
TOP OF THE 6TH |
Scottsdale Scorpions batting - Pitching for El Paso Texans : RHP Mike Marks
|
Batting: RHB Jaime Delgado
|
0-0: Ball 1-0: Ball 2-0: Called Strike 2-1: Ball 3-1: Foul Ball, location: 2F 3-2: Base on Balls
|
Batting: LHB José Garza
|
0-0: Called Strike 0-1: Foul Ball, location: 2F 0-2: Strikes out looking
|
Batting: RHB Ronald Smith
|
0-0: Grounds into double play, 6-4-3 (Groundball, 6)
|
Top of the 6th over - 0 run(s), 0 hit(s), 0 error(s), 0 left on base; Scottsdale 4 - El Paso 9 |
BOTTOM OF THE 6TH |
El Paso Texans batting - Pitching for Scottsdale Scorpions : RHP Julián García
|
Batting: LHB Michael Melton
|
0-0: Called Strike 0-1: Ball 1-1: Swinging Strike 1-2: Strikes out swinging
|
Batting: RHB Marvin Johnson
|
0-0: Ball 1-0: Ground out 6-3 (Groundball, 6)
|
Batting: RHB José Murillo
|
0-0: Ball 1-0: Ball 2-0: Swinging Strike 2-1: Ball 3-1: Base on Balls
|
Batting: RHB Wayne Carter
|
0-0: Ball José Murillo steals 2nd base 1-0: Foul Ball, location: 2F 1-1: Ball 2-1: Ball 3-1: Foul Ball, location: 2F 3-2: Foul Ball, location: 2F 3-2: Ground out 4-3 (Groundball, 4M)
|
Bottom of the 6th over - 0 run(s), 0 hit(s), 0 error(s), 1 left on base; Scottsdale 4 - El Paso 9 |
TOP OF THE 7TH |
Scottsdale Scorpions batting - Pitching for El Paso Texans : RHP Mike Marks
|
Batting: RHB Ricardo Gutiérrez
|
0-0: Fly out, F8 (Flyball, 8LD)
|
Batting: RHB Robinson Fernández
|
0-0: Ground out 6-3 (Groundball, 6)
|
Batting: LHB Ernesto Hernández
|
0-0: Foul Ball, location: 2F 0-1: Called Strike 0-2: Ball 1-2: Ball 2-2: Foul Ball, location: 2F 2-2: Foul Ball, location: 2F 2-2: Fly out, F8 (Flyball, 8LD)
|
Top of the 7th over - 0 run(s), 0 hit(s), 0 error(s), 0 left on base; Scottsdale 4 - El Paso 9 |
BOTTOM OF THE 7TH |
El Paso Texans batting - Pitching for Scottsdale Scorpions : RHP Julián García
|
Pitching: RHP Sterling Caldwell
|
|
Batting: RHB John James
|
0-0: Called Strike 0-1: Ball 1-1: Called Strike 1-2: Foul Ball, location: 2F 1-2: Strikes out swinging
|
Batting: RHB Domingo Morales
|
0-0: Ball 1-0: Ball 2-0: Ball 3-0: Called Strike 3-1: Swinging Strike 3-2: Foul Ball, location: 2F 3-2: Strikes out looking
|
Batting: RHB Cole Boehmer
|
0-0: Called Strike 0-1: Foul Ball, location: 2F 0-2: Foul Ball, location: 2F 0-2: Strikes out looking
|
Bottom of the 7th over - 0 run(s), 0 hit(s), 0 error(s), 0 left on base; Scottsdale 4 - El Paso 9 |
TOP OF THE 8TH |
Scottsdale Scorpions batting - Pitching for El Paso Texans : RHP Mike Marks
|
Now in LF: Roberto Félix
|
|
Batting: RHB Sergio Domínguez
|
0-0: Foul Ball, location: 2F 0-1: Called Strike 0-2: Ball 1-2: Strikes out swinging
|
Batting: LHB Sergio Fernández
|
0-0: Ball 1-0: Foul Ball, location: 2F 1-1: Ball 2-1: Foul Ball, location: 2F 2-2: Ground out 4-3 (Groundball, 4M)
|
Batting: SHB Juan Gonzáles
|
0-0: Called Strike 0-1: Ball 1-1: Foul Ball, location: 2F 1-2: Ball 2-2: Foul Ball, location: 2F 2-2: Foul Ball, location: 2F 2-2: Ball 3-2: Base on Balls
|
Pitching: RHP Carlos Sánchez
|
|
Batting: RHB Jaime Delgado
|
0-0: Called Strike 0-1: Foul Ball, location: 2F 0-2: Foul Ball, location: 2F 0-2: Foul Ball, location: 2F 0-2: Ball 1-2: Strikes out swinging
|
Top of the 8th over - 0 run(s), 0 hit(s), 0 error(s), 1 left on base; Scottsdale 4 - El Paso 9 |
BOTTOM OF THE 8TH |
El Paso Texans batting - Pitching for Scottsdale Scorpions : RHP Sterling Caldwell
|
Batting: LHB Guy Moss
|
0-0: Ball 1-0: Fly out, F7 (Line Drive, 7)
|
Batting: SHB Oliver Riley
|
0-0: Called Strike 0-1: Called Strike 0-2: Foul Ball, location: 2F 0-2: Ground out 6-3 (Groundball, 6)
|
Batting: LHB Michael Melton
|
0-0: Called Strike 0-1: Foul Ball, location: 2F 0-2: Ball 1-2: Ball 2-2: Ball 3-2: Ground out 3-1 (Groundball, 34)
|
Bottom of the 8th over - 0 run(s), 0 hit(s), 0 error(s), 0 left on base; Scottsdale 4 - El Paso 9 |
TOP OF THE 9TH |
Scottsdale Scorpions batting - Pitching for El Paso Texans : RHP Carlos Sánchez
|
Batting: LHB José Garza
|
0-0: Called Strike 0-1: Swinging Strike 0-2: Strikes out swinging
|
Batting: RHB Ronald Smith
|
0-0: Ball 1-0: Ball 2-0: Foul Ball, location: 2F 2-1: Ball 3-1: Called Strike 3-2: Foul Ball, location: 2F 3-2: Base on Balls
|
Batting: RHB Ricardo Gutiérrez
|
0-0: Ball 1-0: SINGLE (Groundball, 6M) (infield hit) Ronald Smith to second
|
Batting: RHB Robinson Fernández
|
0-0: Ball 1-0: Ground out 4-3 (Groundball, 4S) Ronald Smith to third Ricardo Gutiérrez to second
|
Batting: LHB Ernesto Hernández
|
0-0: Ground out 4-3 (Groundball, 4)
|
Top of the 9th over - 0 run(s), 1 hit(s), 0 error(s), 2 left on base; Scottsdale 4 - El Paso 9 |
|